 Dungeon Crawl Stone Soup version 0.28-a0-796-gd4f0d3f9b2 (webtiles) character file.

Game seed: 14193411367469072299

79 BinkBink the Firebug (level 4, -2/24 HPs)
             Began as a Deep Elf Fire Elementalist on Nov 5, 2021.
             Slain by a black bear (3 damage)
             ... on level 3 of the Dungeon.
             The game lasted 00:04:50 (2571 turns).

BinkBink the Firebug (Deep Elf Fire Elementalist)   Turns: 2571, Time: 00:04:51

Health: -2/24      AC:  2    Str:  5    XL:     4   Next: 17%
Magic:  11/11      EV: 12    Int: 21    God:
Gold:   68         SH:  0    Dex: 15    Spells: 9/10 levels left

rFire   . . .      SeeInvis .   d - staff of air
rCold   . . .      Faith    .   (no shield)
rNeg    . . .      Spirit   .   a - +0 robe
rPois   .          Reflect  .   (no helmet)
rElec   +          Harm     .   (no cloak)
rCorr   .          Rampage  .   (no gloves)
Will    .....                   (no boots)
Stlth   ++........              (no amulet)
HPRegen 0.08/turn               (no ring)
MPRegen 0.12/turn               (no ring)

@: no status effects
A: no striking features
a: no special abilities


You were on level 3 of the Dungeon.
You visited 1 branch of the dungeon, and saw 4 of its levels.

You collected 68 gold pieces.

Inventory:

Armour
 a - a +0 robe (worn)
Magical Staves
 d - a staff of air (weapon)
Wands
 i - a wand of paralysis (8)
Scrolls
 b - 3 scrolls of teleportation {unknown}
 e - a scroll of noise {unknown}
 f - a scroll of magic mapping {unknown}
 j - a scroll of identify {unknown}
 l - a scroll of fog {unknown}
 n - a scroll of torment {unknown}
Potions
 c - a potion of might {unknown}
 g - 3 potions of haste {unknown}
 h - a potion of curing {unknown}
 k - a potion of heal wounds {unknown}
 m - a potion of flight {unknown}


   Skills:
 - Level 2.6 Dodging
 + Level 2.6 Stealth
 + Level 3.8 Spellcasting
 + Level 1.6 Conjurations
 + Level 4.4 Fire Magic
 * Level 1.3 Air Magic


You had 9 spell levels left.
You knew the following spells:

 Your Spells              Type           Power      Damage    Failure   Level
a - Foxfire               Conj/Fire      64%        2x1d7     3%          1

Your spell library contained the following spells:

 Spells                   Type           Power      Damage    Failure   Level
 Scorch                   Fire           44%        2d7       3%          2
 Conjure Flame            Conj/Fire      16%        6-21      11%         3
 Inner Flame              Hex/Fire       13%        N/A       16%         3
 Flame Wave               Conj/Fire      16%        3d5       34%         4


Dungeon Overview and Level Annotations

Branches:
Dungeon (4/15)
 Temple: D:4-7

Altars:
Zin

Shops:
D:2 (


Message History

Your foxfire dissipates!
The foxfire hits the orc priest but does no damage.
The orc priest is lightly wounded.
You are too depleted to draw on your mana recklessly!
There is a stone staircase leading down here.
You climb downwards.
There is a stone staircase leading up here.
Found a scroll labelled WAYTID VIUCO.
n - a scroll labelled WAYTID VIUCO Magic restored.
HP restored.
Found 27 stones.
A black bear comes into view.
You conjure some foxfire!
You conjure some foxfire!
The foxfire hits the black bear.
The black bear is lightly wounded.
The foxfire hits the black bear.
The black bear is lightly wounded.
Your foxfire dissipates!
The black bear bites you.
The black bear claws you but does no damage.
The black bear claws you.
You conjure some foxfire!
The foxfire hits the black bear!
The black bear is moderately wounded.
Your foxfire dissipates!
There is a stone staircase leading up here.
The black bear bites you. The black bear claws you. x2
You climb upwards.
You hear the sound of rushing water.
There is an entrance to a sewer on this level.
Hurry and find it before the portal rusts away!
You hear the brisk rusting of a very distant drain.
The orc priest hits you with a +0 hand axe.
The orc priest mumbles some strange prayers to Beogh against you.
Beogh smites you!
* * * LOW HITPOINT WARNING * * *
There is a stone staircase leading down here.
The black bear bites you.
* * * LOW HITPOINT WARNING * * *
The black bear barely misses you. The black bear claws you.
You die...

###################
.o........[.[ooo@.#
##########.######h#
#########......#..#
#.........PPP.....#
#........P♣♣♣♣PP.P.
#.......♣P♣♣♣ P♣♣.
#..........P♣♣♣♣♣P♣PP
#..........P.P..PPP
##
#...........P......


You could see a black bear, an orc priest and 2 orcs.

Vanquished Creatures
  Jessica (D:2)
  An adder (D:2)
  A worm (D:2)
  2 dart slugs (D:1)
  2 orcs (D:3)
  6 bats
  6 endoplasms
  A giant cockroach (D:1)
  3 goblins
  4 quokkas
  2 ball pythons
  A frilled lizard (D:1)
  3 rats
33 creatures vanquished.

Vanquished Creatures (others)
  A demonic plant (D:3)
  120 foxfires
121 creatures vanquished.

Grand Total: 154 creatures vanquished

Notes
Turn   | Place    | Note
-------+----------+-------------------------------------------
     0 | D:1      | BinkBink the Deep Elf Fire Elementalist began the quest for
                  | the Orb.
     0 | D:1      | Reached XP level 1. HP: 10/10 MP: 6/6
   160 | D:1      | Reached XP level 2. HP: 15/15 MP: 5/8
   484 | D:1      | Reached skill level 4 in Fire Magic
  1168 | D:2      | Noticed Jessica
  1171 | D:2      | Killed Jessica
  1172 | D:2      | Reached skill level 1 in Air Magic
  1172 | D:2      | Reached XP level 3. HP: 19/19 MP: 6/10
  1621 | D:2      | Reached XP level 4. HP: 24/24 MP: 6/11
  1688 | D:2      | Found a glowing silver altar of Zin.
  1704 | D:2      | Found Dorch's Antique Weapon Shop.
  2503 | D:4      | Noticed a black bear
  2571 | D:3      | HP: 1/24 [black bear (2)]
  2571 | D:3      | Slain by a black bear

Illustrated notes

Levels and vault maps discovered:
D:1:      amcnicky_arrival_blooded_trapdoor, layout_basic, hex_intersection
D:2:      layout_loops_corners, serial_shops, shop, basic_altar, uniq_jessica
D:3:      minmay_roachtagon, layout_basic,
          dreamdust_ecumenical_altar_sealed_demon, serial_forest,
          infiniplex_forest_end_double, infiniplex_forest_clump_medium,
          infiniplex_forest_straight_5, infiniplex_forest_clump_long,
          infiniplex_forest_clump_cross, portal_sewer_entry_d,
          uniq_crazy_yiuf_cottage
D:4:      layout_basic, serial_shops, shop, nicolae_shop_stone,
          minmay_fire_ice_demons

Skill      XL: |  1  2 |
---------------+-------+-----
Fire Magic     | 4 |  4.4
Air Magic      | 1 |  1.3
Dodging        | |  2.6
Stealth        | |  2.6
Spellcasting   | |  3.8
Conjurations   | |  1.6

Action                   |  1- 3 |  4- 6 || total
-------------------------+-------+-------++-------
 Cast: Foxfire           |    63 |    31 ||    94
Armor: Robe              |     4 |     1 ||     5
Dodge: Dodged            |     5 |     3 ||     8

Table legend: (Time is in decaauts)
 A = Elapsed time spent in this place.
 B = Non-inter-level travel time spent in this place.
 C = Inter-level travel time spent in this place.
 D = Time resting spent in this place.
 E = Time spent auto-exploring this place.
 F = Levels seen in this place.
 G = Mean time per level.
                   A        B        C        D        E       F      G
               +--------+--------+--------+--------+--------+-----+--------+
         Total |   2570 |   2523 |     47 |      0 |   2141 |   4 |  642.5 |
       Dungeon |   2570 |   2523 |     47 |      0 |   2141 |   4 |  642.5 |
               +--------+--------+--------+--------+--------+-----+--------+

Top non-repeatable levels by time:
     D:2: 1193 daAuts
     D:1: 1053 daAuts
     D:4: 222 daAuts
     D:3: 100 daAuts
